AoeStats
← chrisgrm

Arabia

510478256Analyzed
2v2 RM · 1d ago on Oct 1, 2026· 32m 5s· 4 players
Game mode
Random Map
Map size
Medium (4 player)
Population
200
Speed
Normal
Resources
Standard
Victory
Conquest
Starting age
Dark Age
Ending age
Imperial Age
RankedLock teamsTeams togetherTeam positionsShared explorationLock speedFull tech treeHidden civsTurbo modeCheats
Victory
Defeat
🇨🇴 Magyars · Colombia
1152
+18
🇨🇴 Teutons · Colombia
1150
+18
🇦🇺 Bulgarians · Australia
1188
-18
🇺🇸 Mongols · United States
1187
-18
chrisgrm
5:28 Loom
11:03 Feudal Age
12:53 Wheelbarrow
12:06 Double-Bit Axe
22:26 Castle Age
21:21 Bloodlines
21:05 Town Watch
23:30 Pikeman
23:34 Light Cavalry
24:16 Husbandry
23:40 Light Cavalry
26:27 Bow Saw
27:53 Thumb Ring
27:41 Fletching
27:52 Padded Archer Armor
30:40 Bodkin Arrow
31:08 Ballistics
kenneth3011
6:43 Loom
9:20 Feudal Age
9:51 Double-Bit Axe
11:34 Fletching
12:59 Horse Collar
15:32 Town Watch
18:51 Wheelbarrow
26:24 Castle Age
27:15 Bodkin Arrow
27:51 Stone Mining
31:01 Hand Cart
32:24 Guard Tower
twrk4jesus
5:11 Loom
6:55 Loom
9:24 Feudal Age
10:23 Double-Bit Axe
12:31 Town Watch
13:27 Horse Collar
CHUPA <AUS>
0:54 Loom
10:52 Feudal Age
14:03 Horse Collar
16:40 Castle Age
16:42 Forging
23:42 Double-Bit Axe
24:41 Gambesons
24:42 Arson
25:02 Scale Mail Armor
29:17 Squires
30:48 Town Watch
31:06 Gold Mining
Connection lost

Rejoining the realm…

Still unreachable

The connection could not be restored.

Session expired

The server has moved on; the page needs a fresh start.